Map: [ESL] Tropical Sacrifice

Players

Maru

  • Race: Terran Terran
  • Spawn Location: 7:00

Solar - Winner!

  • Race: Zerg Zerg
  • Spawn Location: 1:00

Event: DreamHack SC2 Masters 2022 Atlanta (Offline)

VOD

Have the link to the VOD?

Description

Time

  • Played on: Nov. 19, 2022, 6:35 p.m.
  • Length: 9:42

All games in this series

Show
View Real Time Build Order
Export as new Build Order

Maru Terran 

Build Orders: 2 Factory, Command Center First (CC), Hellion Banshee, Mech 

Get SALT Encoding   

  12  0:00  SCV  
  13  0:12  SCV  
  14  0:17  Supply Depot  
  14  0:24  SCV  
  15  0:39  SCV  
  16  0:51  SCV  
  17  1:03  Command Center, SCV  
  18  1:14  Barracks  
  18  1:17  SCV  
  19  1:22  Refinery  
  19  1:29  SCV  
  19  1:31  Refinery  
  20  1:41  SCV  
  21  1:53  SCV  
  22  2:00  Marine  
  23  2:05  Orbital Command  
  23  2:10  Factory  
  23  2:15  Orbital Command  
  23  2:19  Barracks Reactor  
  23  2:31  SCV  
  24  2:37  Factory  
  24  2:40  SCV  
  24  2:43  SCV  
  26  2:53  SCV  
  26  2:55  Supply Depot, SCV  
  26  2:56  Starport  
  28  3:04  Hellion  
  30  3:07  Hellion  
  30  3:08  SCV  
  30  3:10  SCV  
  30  3:12  Marine  
  35  3:20  SCV  
  35  3:22  SCV, Factory Tech Lab  
  37  3:29  Supply Depot  
  37  3:30  Hellion  
  37  3:31  Hellion  
  41  3:35  Viking  
  41  3:37  SCV  
  41  3:40  SCV  
  45  3:43  Infernal Pre-Igniter  
  45  3:49  SCV  
  45  3:51  Hellion  
  45  3:52  SCV  
  45  3:54  Supply Depot  
  49  4:00  Hellion  
  49  4:01  SCV  
  52  4:03  Hellion  
  54  4:10  Supply Depot  
  54  4:11  Starport Tech Lab  
  54  4:16  SCV x2  
  56  4:19  Hellion  
  56  4:21  Supply Depot  
  56  4:22  Hellion  
  60  4:24  Hellion  
  62  4:32  SCV x2, Banshee  
  62  4:33  Supply Depot  
  62  4:36  Cloaking Field  
  67  4:40  Hellion  
  67  4:44  SCV x2  
  71  4:47  Supply Depot  
  71  4:50  Hellion  
  71  4:52  Hellion  
  75  4:56  SCV  
  75  4:58  SCV  
  77  5:10  Command Center  
  77  5:14  Refinery  
  77  5:15  Refinery  
  77  5:18  Banshee  
  77  5:20  SCV  
  81  5:23  SCV  
  81  5:27  Hellion  
  84  5:32  SCV  
  84  5:33  Hellion  
  84  5:35  SCV  
  84  5:36  Hellion  
  80  5:44  SCV  
  80  5:47  SCV  
  80  5:49  Hellion  
  80  5:55  Hellion  
  80  5:56  SCV  
  81  5:57  Hellion  
  81  5:59  SCV  
  81  6:00  Banshee  
  83  6:07  Hyperflight Rotors  
  83  6:08  Supply Depot, SCV  
  84  6:11  SCV  
  84  6:15  Armory, Factory  
  85  6:19  Armory  
  85  6:20  SCV  
  85  6:24  SCV  
  87  6:30  Cyclone, Hellion x2  
  87  6:31  Supply Depot  
  87  6:32  SCV  
  95  6:38  Factory  
  95  6:39  SCV  
  96  6:40  Orbital Command  
  96  6:41  Factory  
  96  6:44  SCV  
  96  6:45  Banshee  
  98  6:51  SCV  
  99  6:56  SCV  
  99  6:59  Refinery  
  99  7:00  Refinery  
  100  7:02  Command Center  
  100  7:03  SCV  
  100  7:06  SCV  
  102  7:08  SCV  
  102  7:09  Cyclone  
  102  7:10  Factory Tech Lab  
  106  7:16  SCV  
  106  7:18  SCV  
  106  7:21  SCV  
  109  7:24  Factory Tech Lab, Factory Reactor  
  109  7:26  Terran Vehicle Weapons Level 1, Terran Vehicle And Ship Armor Level 1, Supply Depot  
  109  7:28  SCV  
  110  7:30  SCV  
  110  7:33  SCV  
  112  7:37  Hellion x2, Siege Tank  
  112  7:40  SCV  
  112  7:43  SCV  
  119  7:45  SCV  
  107  7:52  Cyclone, SCV  
  107  7:55  SCV  
  107  7:57  SCV  
  105  8:00  Banshee  
  105  8:04  SCV  
  111  8:05  Cyclone  
  111  8:07  SCV  
  111  8:09  SCV  
  111  8:11  Engineering Bay  
  113  8:15  Cyclone  
  113  8:16  SCV  
  113  8:19  SCV, Widow Mine x4  
  126  8:21  SCV  
  126  8:24  Cyclone  
  130  8:28  SCV  
  130  8:31  SCV  
  130  8:33  SCV  
  119  8:37  Cyclone  
  119  8:39  Missile Turret  
  119  8:40  SCV  
  115  8:43  SCV, Missile Turret  
  115  8:44  Missile Turret  
  115  8:47  Cyclone  
  105  8:49  SCV  
  105  8:52  SCV, Hellion  
  105  8:55  SCV  
  105  8:56  Cyclone  
  105  8:59  Hellion  
  105  9:01  SCV  
  101  9:04  SCV, Orbital Command  
  101  9:09  Cyclone  
  101  9:11  Widow Mine  
  101  9:13  SCV  
  94  9:20  Hellion  
  94  9:21  SCV  
  93  9:25  SCV  
Show
View Real Time Build Order
Export as new Build Order

Solar Zerg - Winner!

Build Orders: Hatch First 

Get SALT Encoding   

  12  0:00  Drone  
  13  0:12  Overlord  
  13  0:17  Drone  
  14  0:31  Drone x2  
  16  0:48  Hatchery  
  15  0:52  Drone  
  15  0:55  Drone  
  17  0:59  Drone  
  18  1:10  Extractor  
  17  1:15  Spawning Pool  
  17  1:18  Drone  
  17  1:21  Drone  
  18  1:29  Drone  
  19  1:41  Drone  
  20  1:50  Drone  
  21  2:01  Queen  
  21  2:02  Queen  
  25  2:10  Drone x2  
  25  2:13  Overlord  
  28  2:15  Drone  
  28  2:23  Hatchery  
  28  2:26  Drone  
  28  2:32  Drone  
  28  2:33  Drone  
  30  2:37  Queen  
  32  2:46  Overlord  
  32  2:47  Drone  
  32  2:49  Metabolic Boost  
  33  2:54  Drone  
  33  2:57  Drone x2  
  37  3:05  Zergling x2  
  37  3:06  Drone  
  37  3:11  Drone x3  
  41  3:14  Queen  
  41  3:17  Overlord  
  43  3:22  Queen  
  43  3:23  Extractor  
  45  3:32  Overlord  
  45  3:37  Drone x2  
  47  3:41  Zergling x2  
  47  3:42  Zergling x4  
  47  3:43  Queen, Drone  
  53  3:48  Drone x4  
  53  3:49  Drone  
  53  3:52  Overlord  
  53  3:54  Drone  
  58  3:56  Drone  
  58  3:58  Drone  
  58  4:01  Queen  
  62  4:04  Overlord  
  62  4:08  Drone  
  62  4:09  Zergling x2  
  64  4:11  Zergling x2  
  64  4:16  Drone x3  
  68  4:19  Queen, Overlord  
  68  4:23  Overlord  
  68  4:24  Drone  
  71  4:25  Drone  
  71  4:27  Zergling x4  
  74  4:33  Spore Crawler, Drone  
  74  4:34  Overlord  
  74  4:37  Extractor  
  74  4:38  Drone x2  
  75  4:40  Spore Crawler  
  75  4:43  Lair  
  75  4:45  Drone x2, Extractor  
  76  4:46  Drone  
  76  4:48  Drone x2  
  76  4:52  Overlord  
  78  4:57  Drone  
  78  4:58  Roach Warren  
  78  4:59  Drone x2  
  80  5:01  Drone, Extractor  
  80  5:02  Drone  
  80  5:03  Drone  
  82  5:07  Zergling x2, Overlord  
  82  5:14  Zergling x4  
  82  5:17  Drone x3  
  82  5:18  Evolution Chamber x2  
  82  5:20  Overlord  
  85  5:23  Zergling x4  
  85  5:24  Zergling x2  
  78  5:39  Roach x7  
  78  5:42  Evolution Chamber  
  90  5:44  Drone x3  
  90  5:49  Drone  
  91  5:52  Drone x2  
  91  5:54  Zergling x2  
  91  5:56  Zergling x2  
  96  5:59  Drone  
  96  6:00  Glial Reconstitution  
  96  6:04  Drone x2  
  97  6:05  Overseer  
  97  6:09  Drone  
  98  6:14  Drone x2, Overlord  
  98  6:17  Extractor  
  99  6:18  Extractor  
  99  6:25  Drone  
  99  6:26  Drone x2  
  99  6:28  Overseer, Spire  
  100  6:35  Drone  
  100  6:37  Overlord  
  100  6:38  Drone x2  
  102  6:49  Overseer  
  102  6:50  Hatchery  
  102  6:52  Spore Crawler, Drone  
  101  6:55  Roach x4  
  101  6:56  Overlord  
  101  6:57  Overlord  
  101  6:59  Overlord  
  109  7:01  Overlord  
  109  7:04  Overlord  
  109  7:05  Overlord  
  109  7:06  Overlord  
  109  7:09  Overlord  
  109  7:11  Overlord  
  109  7:13  Overlord  
  109  7:26  Roach x4  
  117  7:38  Drone, Extractor  
  117  7:40  Mutalisk x8  
  117  7:41  Mutalisk  
  133  7:45  Mutalisk x2  
  132  7:55  Mutalisk  
  132  7:58  Mutalisk  
  125  8:00  Zergling x12  
  125  8:02  Drone  
  125  8:05  Extractor  
  125  8:07  Extractor  
  125  8:10  Drone x3  
  125  8:11  Mutalisk x2  
  127  8:13  Zergling x10  
  132  8:21  Drone x3  
  132  8:22  Spore Crawler  
  132  8:25  Drone  
  134  8:31  Mutalisk x2  
  134  8:34  Roach x2  
  134  8:35  Roach  
  134  8:38  Roach x2  
  134  8:40  Roach  
  134  8:41  Roach  
  146  8:42  Roach  
  146  8:44  Roach  
  146  8:45  Roach  
  146  8:46  Roach  
  153  8:52  Roach x4  
  153  8:53  Roach  
  153  8:54  Roach  
  159  8:59  Roach x3  
  159  9:02  Drone x2  
  164  9:03  Drone x2  
  163  9:12  Roach x6  
  171  9:20  Roach x5  
  171  9:22  Zergling x2  
  171  9:23  Zergling x4  
Tags
 
Add a new tag
Caveats
  • Supply blocks, unpowered buildings, or Contaminate may cause inaccurate times.
  • Supply counts are checked every 10 seconds.